 Dungeon Crawl Stone Soup version 0.32-a0-928-g1cae6b7ea0 (webtiles) character file.

Game seed: 133216516111921750

80160 Dirtsage the Severer (level 15, -13/135 HPs)
             Began as a Mountain Dwarf Fighter on Apr 12, 2024.
             Was a High Priest of Makhleb.
             Mangled by an ironbound frostheart (20 damage)
             ... on level 14 of the Dungeon.
             The game lasted 00:52:15 (23270 turns).

Dirtsage the Severer (Mountain Dwarf Fighter)      Turns: 23270, Time: 00:52:16

Health: -13/135    AC: 20    Str: 29    XL:     15   Next: 23%
Magic:  22/22      EV:  8    Int: 10    God:    Makhleb [*****.]
Gold:   1364       SH: 16    Dex: 11    Spells: 14/14 levels left

rFire   . . .        D - +0 war axe (elec)
rCold   . . .        K - +0 kite shield
rNeg    . . .        b - +2 chain mail {rPois}
rPois   +            o - +1 helmet
rElec   .            u - +0 cloak
rCorr   .            E - +0 pair of gloves
SInv    .            (no boots)
Will    +....        f - amulet of reflection Stlth
                     J - +6 ring of strength
HPRegen 0.42/turn    (no ring)
MPRegen 0.18/turn

%: reflection
@: frozen, studying Throwing, very slow
A: runic magic, artefact enchanting, hooves 1
a: Renounce Religion, Minor Destruction, Lesser Servant of Makhleb, Major
Destruction, Greater Servant of Makhleb


You were on level 14 of the Dungeon.
You worshipped Makhleb.
Makhleb was extremely pleased with you.
You visited 3 branches of the dungeon, and saw 20 of its levels.
You also visited: Sewer.

You collected 1364 gold pieces.

Inventory:

Hand Weapons
 a - a +2 flail of draining
 D - a +0 war axe of electrocution (weapon)
 H - a +1 flail of protection
 V - a +2 war axe of venom
Missiles
 v - 8 curare-tipped darts
 G - 5 throwing nets (quivered)
 Z - 4 javelins
Armour
 b - a +2 chain mail of poison resistance (worn)
 d - a +1 helmet
 o - a +1 helmet (worn)
 u - a +0 cloak (worn)
 y - a +0 plate armour
 E - a +0 pair of gloves (worn)
 K - a +0 kite shield (worn)
 S - a +1 hat of stealth
Magical Staves
 Y - a staff of fire
Jewellery
 f - an amulet of reflection (around neck)
 A - an amulet of faith
 J - a +6 ring of strength (left hand)
 W - a ring of wizardry
Talismans
 e - a talisman of death
Wands
 p - a wand of polymorph (6)
 I - a wand of charming (4)
 L - a wand of flame (37)
 N - a wand of light (12)
 P - a wand of roots (1)
 X - a wand of mindburst (8)
Scrolls
 c - a scroll of silence
 g - 2 scrolls of fear
 h - 4 scrolls of enchant weapon
 i - 3 scrolls of identify
 k - 6 scrolls of immolation
 m - 3 scrolls of fog
 r - 4 scrolls of enchant armour
 s - a scroll of torment
 t - 5 scrolls of teleportation
 x - 5 scrolls of vulnerability
 B - 2 scrolls of blinking
 F - a scroll of brand weapon
 M - a scroll of amnesia
 O - a scroll of revelation
 R - 2 scrolls of noise
Potions
 j - 8 potions of degeneration
 l - 4 potions of heal wounds
 n - a potion of resistance
 w - 2 potions of magic
 z - 3 potions of lignification
 C - 2 potions of invisibility
 Q - a potion of mutation
 T - 4 potions of enlightenment
 U - 2 potions of attraction {unknown}


   Skills:
 + Level 13.0 Fighting
 - Level 16.0 Axes
 + Level 13.0 Armour
 + Level 2.6 Dodging
 + Level 13.0 Shields
 + Level 9.5 Invocations
 * Level 9.8 Shapeshifting


You had 14 spell levels left.
You didn't know any spells.
Your spell library contained the following spells:

 Spells                   Type           Power      Damage    Failure   Level
 Freeze                   Ice            0%         1d3       58%         1
 Kiss of Death            Conj/Necr      0%         2d5       58%         1
 Ensorcelled Hibernation  Hex/Ice        0%         N/A       73%         2
 Confusing Touch          Hex            0%         N/A       91%         3
 Frozen Ramparts          Ice            0%         1d1       91%         3
 Hailstorm                Conj/Ice       0%         3d5       91%         3
 Passwall                 Erth           0%         N/A       91%         3
 Swiftness                Air            0%         N/A       91%         3
 Volatile Blastmotes      Fire/Tloc      0%         2d10      91%         3
 Dispel Undead            Necr           0%         3d6       100%        4
 Fulminant Prism          Conj/Alch      0%         3d5       100%        4
 Iskenderun's Mystic Bla Conj/Tloc 0%             2d3        (+2d1     100%        4
 Leda's Liquefaction      Alch/Erth      0%         N/A       100%        4
 Petrify                  Alch/Erth      0%         N/A       100%        4
 Metabolic Englaciation   Hex/Ice        0%         N/A       100%        5
 Conjure Ball Lightning   Conj/Air       0%         3x3d6     100%        6
 Monstrous Menagerie      Summ           0%         N/A       100%        7
 Discord                  Hex            0%         N/A       100%        8
 Disjunction              Tloc           0%         N/A       100%        8
 Dragon's Call            Summ           0%         N/A       100%        9


Dungeon Overview and Level Annotations

Branches:
Dungeon (14/15)            Temple (1/1) D:4            Lair (5/5) D:10
  Swamp (0/4) Lair:3       Spider (0/4) Lair:3        Slime (0/5) Lair:5
    Orc (0/2) D:11          Sewer (visited)
 Vaults: D:13-14

Altars:
Ashenzari
Cheibriados
Dithmenos
Elyvilon
Fedhas
Gozag
Hepliaklqana
Kikubaaqudgha
Makhleb
Nemelex Xobeh
Okawaru
Qazlal
Ru
Sif Muna
Trog
Uskayaw
Vehumet
Wu Jian
Xom
Yredelemnul
Zin
The Shining One
Ignis
Jiyva

Portals:
Abyss: D:3

Annotations:
D:3 2 transporters, TobyConnect's ghost, amateur DsCj
D:7 2 transporters, Konar's ghost, novice CoHu
D:12 2 transporters
Lair:4 exclusion: 2 oklob plants


Innate Abilities, Weirdness & Mutations

Your spellcasting is much less encumbered by armour.
You can use scrolls of enchantment on lesser artefacts.
You have large cloven feet.


Message History

You take 8 damage, and have 62/135 hp.
You slash the vault guard!
Lightning courses through the vault guard!
Your kick misses the vault guard.
The vault guard is severely wounded.
The ice encasing you melts away.
The vault guard hits you with a +0 war axe!
You take 9 damage, and have 53/135 hp.
You hit the vault guard but do no damage.
Lightning courses through the vault guard!!
You kill the vault guard!
Makhleb accepts your kill.
The boggart casts a spell.
The boggart blinks!
The ironbound frostheart touches you but does no damage.
You block the vault guard's attack.
Items here: ))) [[ ††.
You slash the ironbound frostheart!
Lightning courses through the ironbound frostheart!
Your kick misses the ironbound frostheart.
The ironbound frostheart is heavily wounded.
You hit the vault guard but do no damage.
The boggart casts a spell.
The ironbound frostheart calls freezing cold from the walls.
The frost grips you!!!
* * * LOW HITPOINT WARNING * * *
You are encased in ice.
The vault guard hits you with a +0 great sword.
* * * LOW HITPOINT WARNING * * *
You take 39 damage, and have 15/135 hp.
MASSIVE DAMAGE!!
You hit the ironbound frostheart.
Lightning courses through the ironbound frostheart!
You kick the ironbound frostheart.
The ironbound frostheart is severely wounded.
You slash the slime creature! You slash the vault guard!
Lightning courses through the vault guard!
The ironbound frostheart touches you!
* * * LOW HITPOINT WARNING * * *
The ironbound frostheart freezes you!!
You die...

. .. # .## ...####
# ..# ...... #
####.## #
#.....#####
###..#..# #.
#....## ##....'..#
#.######..<..
.....gJJ.#
#...#....#...
#...§ppJ#
#...####.##
###..#@##
###.)#####.## ##
#)# ##.......##...
#.###..#####.#####
#.#...## .. ##
#.#.### #... #...#
### ##.## #.# #.#


You could see a vault guard, 3 slime creatures, an ironbound frostheart and a
boggart.

Vanquished Creatures
  Rupert (D:13)
  Jorgrun (D:12)
  Gastronok (Lair:1)
  2 vault guards (D:14)
  Harold (Lair:1)
  4 hydras
  2 ogre magi
  A catoblepas (Lair:5)
  6 centaur warriors
  3 boulder beetles (D:13)
  5 two-headed ogres
  A tengu warrior (D:10)
  20 death yaks
  2 skysharks (Lair:5)
  An orb spider (Lair:3)
  4 lindwurms (Lair:5)
  5 ugly things
  4 manticores
  A will-o-the-wisp (Lair:3)
  A faun (Lair:5)
  2 cyclopes (D:13)
  4 elephants (Lair:2)
  6 black mambas
  Joseph (D:10)
  2 gargoyles
  15 cane toads
  Maggie (D:10)
  A torpor snail (Lair:5)
  Jeremiah (D:7)
  2 kobold demonologists
  5 rime drakes
  A freezing wraith (D:14)
  11 komodo dragons
  A tengu conjurer (D:14)
  2 trolls
  A polar bear (Lair:4)
  A hornet (D:10)
  7 dream sheep (Lair:5)
  11 blink frogs
  3 slime creatures (D:13)
  2 centaur simulacra (D:10)
  7 wraiths
  A vampire (D:11)
  45 yaks
  8 wyverns
  9 basilisks
  A warg (D:11)
  2 steam dragons (D:8)
  4 vampire mosquitoes
  Edmund (D:6)
  2 acid dragons
  18 water moccasins
  2 black bears
  Pargi (Sewer)
  8 orc warriors
  2 laughing skulls (D:13)
  3 ice beasts
  4 sky beasts
  3 ogres
  14 wolves
  A phantom (D:5)
  13 centaurs
  10 bullfrogs
  6 kobold brigands
  4 gnoll sergeants
  3 scorpions (D:5)
  15 wights
  7 killer bees
  An electric eel (Lair:4)
  10 howler monkeys
  8 hounds
  6 orc priests
  Ijyb (D:3)
  2 jellies
  3 sleepcaps
  5 iguanas
  16 orc wizards
  Robin (D:3)
  11 adders
  18 gnolls
  A shadow imp (D:5)
  2 white imps (D:6)
  2 ufetubi (D:4)
  3 dart slugs
  36 orcs
  A bat (D:1)
  9 endoplasms
  3 giant cockroaches
  10 goblins
  16 hobgoblins
  10 jackals
  7 quokkas
  7 ball pythons
  A frilled lizard (D:2)
  28 kobolds
  20 rats
578 creatures vanquished.

Vanquished Creatures (collateral kills)
  A wight (D:10)
  A killer bee (D:10)
  An orc (D:6)
3 creatures vanquished.

Vanquished Creatures (others)
  A deep elf pyromancer (D:12)
  A troll (D:10)
  A steam dragon (D:10)
  A bombardier beetle (D:3)
  An orc priest (D:10)
  An orc (D:6)
  2 foxfires (Lair:3)
8 creatures vanquished.

Grand Total: 589 creatures vanquished

Notes
Turn   | Place    | Note
-------+----------+-------------------------------------------
     0 | D:1      | Dirtsage the Mountain Dwarf Fighter began the quest for the
                  | Orb.
     0 | D:1      | Reached XP level 1. HP: 19/19 MP: 1/1
    82 | D:1      | Reached skill level 3 in Axes
   159 | D:1      | Reached XP level 2. HP: 21/26 MP: 2/2
  1092 | D:2      | Reached skill level 4 in Axes
  1162 | D:2      | Reached XP level 3. HP: 15/31 MP: 3/3
  1477 | D:2      | Reached skill level 5 in Axes
  1587 | D:2      | Reached XP level 4. HP: 33/38 MP: 4/4
  1779 | D:3      | Noticed Robin
  1814 | D:3      | Killed Robin
  1892 | D:3      | Found a one-way gate to the infinite horrors of the Abyss.
  1892 | D:3      | Found a transporter.
  1892 | D:3      | Noticed TobyConnect's ghost (amateur DsCj)
  1893 | D:3      | Noticed a kobold brigand
  1959 | D:3      | Reached skill level 6 in Axes
  1976 | D:3      | Found a transporter.
  2000 | D:3      | Noticed a small abomination
  2022 | D:3      | Noticed Ijyb
  2046 | D:3      | Gained mutation: You have large cloven feet. [potion of
                  | mutation]
  2052 | D:3      | Killed Ijyb
  2053 | D:3      | Reached XP level 5. HP: 25/45 MP: 5/5
  2452 | D:3      | Noticed a small abomination
  2651 | D:4      | Found a staircase to the Ecumenical Temple.
  2678 | D:4      | Reached skill level 7 in Axes
  2694 | Temple   | Entered the Ecumenical Temple
  2932 | D:4      | Reached XP level 6. HP: 44/51 MP: 6/6
  3158 | D:4      | Reached skill level 8 in Axes
  3166 | D:4      | Identified the +5 short sword "Juzxeug" {spect, rPois rC+
                  | Stlth+}
  3486 | D:5      | Entered Level 5 of the Dungeon
  3486 | D:5      | Noticed a water moccasin
  3724 | D:5      | Killed a water moccasin
  3725 | D:5      | Reached skill level 9 in Axes
  3788 | D:5      | Reached XP level 7. HP: 28/57 MP: 7/7
  3847 | D:5      | Found a glowing drain.
  3860 | Sewer    | Entered a sewer
  3952 | Sewer    | Noticed Pargi
  3960 | Sewer    | Killed Pargi
  4033 | Sewer    | Got the Handbook of the Productive Serac
  4113 | D:5      | Reached skill level 10 in Axes
  4547 | D:5      | Reached skill level 11 in Axes
  4662 | D:5      | Reached XP level 8. HP: 41/63 MP: 8/8
  5204 | D:6      | Found a shadowy altar of Dithmenos.
  5329 | D:6      | Reached skill level 1 in Dodging
  5329 | D:6      | Reached skill level 1 in Shapeshifting
  5557 | D:6      | Noticed Edmund
  5570 | D:6      | Killed Edmund
  6284 | D:7      | Noticed a manticore
  6285 | D:7      | Noticed Konar's ghost (novice CoHu)
  6286 | D:7      | Found a transporter.
  6429 | D:7      | Found an opulent altar of Gozag.
  6464 | D:7      | Reached XP level 9. HP: 66/72 MP: 9/9
  6726 | D:7      | Reached skill level 5 in Fighting
  6726 | D:7      | Reached skill level 12 in Axes
  6726 | D:7      | Reached skill level 5 in Armour
  6802 | D:7      | Reached skill level 5 in Shields
  6992 | D:7      | Found a transporter.
  7012 | D:7      | Noticed Jeremiah
  7044 | D:7      | Killed Jeremiah
  7644 | D:8      | Reached XP level 10. HP: 83/83 MP: 10/10
  7654 | D:8      | Noticed a manticore
  7688 | D:8      | Killed a manticore
  8486 | D:8      | Found a blossoming altar of Fedhas.
  8489 | D:8      | Found a white marble altar of Elyvilon.
  8766 | D:9      | Reached skill level 13 in Axes
  8967 | D:9      | Noticed a two-headed ogre
  8972 | D:9      | Killed a two-headed ogre
  9362 | D:9      | Reached skill level 5 in Shapeshifting
  9372 | D:9      | Reached XP level 11. HP: 66/92 MP: 11/11
 10179 | D:10     | Entered Level 10 of the Dungeon
 10331 | D:10     | Identified the +5 dagger of Zyidin {freeze, rF- rC+++ Str-2
                  | Dex+6}
 10571 | D:10     | Noticed a centaur warrior
 10574 | D:10     | Killed a centaur warrior
 10575 | D:10     | Reached skill level 14 in Axes
 10712 | D:10     | Noticed Maggie
 10725 | D:10     | Killed Maggie
 10856 | D:10     | Noticed a two-headed ogre
 10870 | D:10     | Killed a two-headed ogre
 10934 | D:10     | Noticed an ogre mage
 10983 | D:10     | Paralysed by something for 4 turns
 10993 | D:10     | Killed an ogre mage
 11122 | D:10     | Found a staircase to the Lair.
 11161 | D:10     | Found a shimmering blue altar of Sif Muna.
 11162 | D:10     | Found an ancient bone altar of Kikubaaqudgha.
 11175 | D:10     | Found a snail-covered altar of Cheibriados.
 11178 | D:10     | Found an ornate altar of the Wu Jian Council.
 11202 | D:10     | Found a glowing golden altar of the Shining One.
 11209 | D:10     | Found a burning altar of Makhleb.
 11212 | D:10     | Became a worshipper of Makhleb the Destroyer
 11321 | D:10     | Noticed a two-headed ogre
 11329 | D:10     | Killed a two-headed ogre
 11460 | D:10     | Noticed Joseph
 11470 | D:10     | Killed Joseph
 11780 | D:11     | Reached XP level 12. HP: 102/103 MP: 12/12
 11812 | D:11     | Reached skill level 15 in Axes
 12014 | D:11     | Noticed a two-headed ogre
 12022 | D:11     | Killed a two-headed ogre
 12217 | D:11     | Found a staircase to the Orcish Mines.
 12771 | Lair:1   | Entered Level 1 of the Lair of Beasts
 12771 | Lair:1   | Noticed Gastronok
 12797 | Lair:1   | Killed Gastronok
 13015 | Lair:1   | Reached * piety under Makhleb
 13473 | Lair:1   | Noticed a death yak
 13473 | Lair:1   | Noticed a death yak
 13473 | Lair:1   | Noticed a death yak
 13539 | Lair:2   | Noticed a death yak
 13539 | Lair:2   | Noticed a death yak
 13540 | Lair:2   | Noticed a death yak
 13540 | Lair:2   | Noticed a death yak
 13545 | Lair:2   | Noticed a death yak
 13558 | Lair:2   | Killed a death yak
 13563 | Lair:2   | Killed a death yak
 13574 | Lair:2   | Killed a death yak
 13575 | Lair:2   | Reached skill level 16 in Axes
 13584 | Lair:2   | Killed a death yak
 13596 | Lair:2   | Killed a death yak
 13597 | Lair:2   | Reached skill level 10 in Fighting
 13597 | Lair:2   | Reached skill level 10 in Armour
 13599 | Lair:2   | Reached skill level 10 in Shields
 13913 | Lair:2   | Reached ** piety under Makhleb
 13914 | Lair:2   | Reached XP level 13. HP: 113/113 MP: 13/13
 14238 | Lair:2   | Reached skill level 1 in Invocations
 14553 | Lair:1   | Noticed Harold
 14562 | Lair:1   | Killed Harold
 15146 | Lair:3   | Found a staircase to the Swamp.
 15532 | Lair:3   | Reached *** piety under Makhleb
 16160 | Lair:3   | Found a hole to the Spider Nest.
 16259 | Lair:3   | Reached skill level 5 in Invocations
 16886 | Lair:4   | Reached XP level 14. HP: 70/124 MP: 18/18
 17042 | Lair:4   | Found a sacrificial altar of Ru.
 17212 | Lair:4   | Reached **** piety under Makhleb
 17904 | Lair:5   | Entered Level 5 of the Lair of Beasts
 19113 | Lair:5   | Found a viscous altar of Jiyva.
 19113 | Lair:5   | Found a staircase to the Slime Pits.
 19554 | Lair:5   | Identified the +1 ring mail of Absence {Regen+ rCorr Int-3}
 20474 | D:12     | You fall into a shaft and drop 1 floor!
 20990 | D:12     | Noticed Jorgrun
 21007 | D:12     | Killed Jorgrun
 21007 | D:12     | Reached ***** piety under Makhleb
 21310 | D:12     | Found a transporter.
 21426 | D:12     | Found a transporter.
 22296 | D:13     | Noticed Rupert
 22325 | D:13     | Killed Rupert
 22326 | D:13     | Reached XP level 15. HP: 71/126 MP: 21/21
 23270 | D:14     | Mangled by an ironbound frostheart

Illustrated notes

Levels and vault maps discovered:
D:1:      kennysheep_arrival_seaside, layout_loops_corners, st_stairs_2
D:2:      layout_basic, minmay_rat_hole
D:3:      layout_basic, gammafunk_ghost_abyssal_escape, uniq_robin, uniq_ijyb
D:4:      layout_cave_pools, minmay_temple_entry_purple_smoke,
          minmay_misc_feat_enclosed
D:5:      layout_loops_ring, gup_sewer_entry_pipe, nrook_pool_corridor,
          kennysheep_another_room
D:6:      layout_cave_pods, nicolae_overflow_crystal_walls, kennysheep_boxes,
          uniq_edmund
D:7:      layout_loops_ring, lemuel_crystal_altar, gammafunk_ghost_arena,
          chequers_serial_rivers_room_a, billiards_dpeg, uniq_jeremiah
D:8:      layout_basic, jmf_multi_god_temple2, minmay_manual_mess
D:9:      kennysheep_housing_project, layout_basic
D:10:     minmay_quarter_circles, layout_irregular_city, minitemple,
          lair_entry_dummy, uniq_joseph, uniq_maggie
D:11:     layout_cave_pods, minmay_orc_entry_guard_dogs
D:12:     gammafunk_worm_tunnel, layout_irregular_city, uniq_jorgrun
D:13:     layout_basic, uniq_rupert
D:14:     layout_rooms, hellmonk_vaults_keyhole, okawaru_trees_1
Temple:   ebering_untended_altars
Lair:1:   layout_hall_layers, uniq_gastronok, uniq_harold
Lair:2:   layout_misc_corridors, serial_bayou_shore_b, lemuel_fruit_tree,
          grunt_megastairs_4
Lair:3:   layout_regular_city, minmay_swamp_entry_wisps,
          nicolae_spider_entry_orb_guardian, hibernation_bobbens,
          grunt_megastairs_3, lemuel_fruit_fields
Lair:4:   layout_cave_pods, basic_altar, minmay_lair_oklob_items,
          serial_bayou_shore_a
Lair:5:   hangedman_lair_in_review, layout_regular_city,
          dpeg_slime_entry_enclosed, grunt_forest_large_clearings

Skill      XL: |  1  2  3  4  5  6  7  8  9 10 11 12 13 14 15 |
---------------+----------------------------------------------+-----
Axes           | 3 4 5 6 7 9 11 12 13 14 16 | 16.0
Dodging        | 2 |  2.6
Shapeshifting  | 2 3 5 6 7 8 9 |  9.8
Armour         | 4 6 7 8 10 11 12 13 | 13.0
Fighting       | 4 6 7 8 10 11 12 13 | 13.0
Shields        | 4 6 7 8 10 11 12 13 | 13.0
Invocations    | 6 9 |  9.5

Action                     |  1- 3 |  4- 6 |  7- 9 | 10-12 | 13-15 || total
---------------------------+-------+-------+-------+-------+-------++-------
  Melee: War axe           |   121 |   225 |   323 |   707 |   939 ||  2315
         Unarmed           |       |    14 |       |       |       ||    14
         Kick              |       |    27 |    68 |   217 |   377 ||   689
         Flail             |       |       |       |       |    53 ||    53
  Throw: Throwing net      |       |       |       |     1 |       ||     1
         Dart              |       |       |       |       |     4 ||     4
  Evoke: Wand              |       |       |     8 |    12 |    14 ||    34
    Use: Potion            |       |     3 |     1 |     6 |     5 ||    15
         Scroll            |       |    10 |     7 |     6 |     5 ||    28
   Stab: Invisible         |       |       |       |     5 |       ||     5
         Distracted        |       |       |       |     1 |       ||     1
         Held in net/web   |       |       |       |       |     2 ||     2
 Armour: Scale mail        |    70 |    98 |       |       |       ||   168
         Skin              |       |     2 |       |    57 |       ||    59
         Chain mail        |       |    84 |   193 |   346 |   497 ||  1120
         Plate armour      |       |       |       |       |    18 ||    18
  Dodge: Dodged            |    44 |    84 |    71 |   123 |   169 ||   491
  Block: Buckler           |    45 |   120 |   122 |    63 |       ||   350
         Other             |       |     3 |       |       |       ||     3
         Reflection        |       |     3 |     7 |    29 |    20 ||    59
         Kite shield       |       |       |       |   406 |   667 ||  1073

Table legend: (Time is in decaauts)
 A = Elapsed time spent in this place.
 B = Non-inter-level travel time spent in this place.
 C = Inter-level travel time spent in this place.
 D = Time resting spent in this place.
 E = Time spent auto-exploring this place.
 F = Levels seen in this place.
 G = Mean time per level.
                   A        B        C        D        E       F      G
               +--------+--------+--------+--------+--------+-----+--------+
         Total |  23088 |  21906 |   1182 |   1478 |  16211 |  21 | 1099.4 |
       Dungeon |  15552 |  14761 |    791 |    860 |  11156 |  14 | 1110.9 |
        Temple |    103 |    103 |      0 |    102 |      0 |   1 |  103.0 |
          Lair |   7207 |   6817 |    390 |    452 |   4950 |   5 | 1441.4 |
         Sewer |    225 |    225 |      0 |     64 |    104 |   1 |  225.0 |
               +--------+--------+--------+--------+--------+-----+--------+

Top non-repeatable levels by time:
  Lair:5: 1827 daAuts
    D:10: 1742 daAuts
  Lair:4: 1676 daAuts
     D:8: 1519 daAuts
  Lair:3: 1498 daAuts
     D:9: 1369 daAuts
     D:6: 1352 daAuts
    D:12: 1269 daAuts
    D:13: 1260 daAuts
  Lair:1: 1129 daAuts
    D:11: 1095 daAuts
  Lair:2: 1074 daAuts
     D:7: 1065 daAuts
     D:5: 1003 daAuts
     D:1: 1002 daAuts
